 Dungeon Crawl Stone Soup version bcrawl-1.28.1b (webtiles) character file.

Game seed: 12417322124387346820

207554 Morbidden the Covered (level 7, 0/64 HPs)
             Began as a Hill Orc Fighter on Dec 24, 2020.
             Killed from afar by an orc wizard (6 damage)
             ... with a puff of flame
             ... on level 4 of the Dungeon.
             The game lasted 00:05:35 (3541 turns).

Morbidden the Covered (Hill Orc Fighter)            Turns: 3541, Time: 00:05:36

Health: 0/64       AC:  9    Str: 18    XL:     7   Next: 29%
Magic:  7/7        EV:  6    Int:  8    God:
Gold:   147        SH:  9    Dex: 10    Spells: 6/6 levels left

rFire    . . .     SeeInvis .   a - +1 war axe
rCold    . . .     Gourm    .   c - +0 medium shield
rNeg     . . .     Faith    .   b - +0 scale mail
rPois    .         Spirit   .   (no helmet)
rElec    .         Reflect  .   (no cloak)
rCorr    .         Harm     .   (no gloves)
MR       .....                  (no boots)
Stlth    ..........             (no amulet)
HPRegen  0.20/turn              f - -3 ring of strength (curse)
MPRegen  0.10/turn              (no ring)

@: no status effects
A: rugged brown scales 2, screaming 1
a: no special abilities


You were on level 4 of the Dungeon.
You were hungry.

You visited 1 branch of the dungeon, and saw 4 of its levels.

You collected 147 gold pieces.

Inventory:

Hand Weapons
 a - a +1 war axe (weapon)
Missiles
 o - 141 poisoned tomahawks (quivered)
Armour
 b - a +0 scale mail (worn)
 c - a +0 medium shield (worn)
 q - a +0 pair of boots
Jewellery
 f - a cursed -3 ring of strength (left hand)
Scrolls
 g - a scroll of amnesia
 h - a scroll of immolation {unknown}
 j - a scroll of enchant weapon
 k - 4 scrolls of identify
 p - a scroll of enchant armour {unknown}
Potions
 d - a potion of might
 i - a potion of curing {unknown}
 l - a potion of ambrosia {unknown}
 r - a potion of flight {unknown}
 s - a potion of berserk rage {unknown}
Comestibles
 e - 6 rations {!d}


   Skills:
 * Level 5.5 Fighting
   Level 5.5 Short Blades
   Level 5.5 Long Blades
   Level 5.5 Axes
   Level 5.5 Maces & Flails
   Level 5.5 Polearms
   Level 5.5 Staves
 * Level 6.0 Armour
 + Level 0.8 Dodging
 * Level 5.1 Shields
   Level 5.5 Unarmed Combat


You had 6 spell levels left.
You didn't know any spells.
Your spell library was empty.

Dungeon Overview and Level Annotations

Branches:
Dungeon (4/12)
 Temple: D:4-7

Altars:
Gozag
Nemelex Xobeh


Innate Abilities, Weirdness & Mutations

You are mostly covered in rugged brown scales. (AC +2, +5% HP)
You occasionally shout uncontrollably at your foes.


Message History

Something hits you but does no damage. You block something's attack.
Unknown command.
It was a potion of mutation.
You feel extremely strange.
You feel the urge to shout.
You feel agile. Something hits you but does no damage.
Really quaff the potion of mutation?
You feel extremely strange.
You feel clumsy.
You feel frail.
Rugged brown scales grow over part of your body.
You feel more energetic.
You feel less in control of your magic. Something hits you but does no damage.
No path to travel!
Really quaff the potion of mutation?
You feel extremely strange.
You feel less energetic.
You feel robust.
You regain control of your magic.
Rugged brown scales spread over more of your body.
You hear some strange, mumbled words.
A puff of flame appears from out of thin air!
The puff of flame hits you.
You die...

###........
.......####
###.#### #### #.#
#.. #.# #.#
#.############.#
#............<)##
#############.{.##
#)@..# #.....#
#.........
#......###
##......#
##...>..# .......
.......


There were no monsters in sight!

Vanquished Creatures
  A scorpion (D:4)
  A hound (D:3)
  2 orc priests
  3 orc wizards
  2 worker ants (D:3)
  11 gnolls
  4 adders (D:3)
  2 worms
  2 dart slugs
  5 leopard geckos
  18 orcs
  2 giant cockroaches (D:3)
  10 goblins
  7 hobgoblins
  6 jackals
  5 quokkas
  3 ball pythons
  8 bats
  14 frilled lizards
  9 kobolds
  7 rats
122 creatures vanquished.

Notes
Turn   | Place    | Note
-------+----------+-------------------------------------------
     0 | D:1      | Morbidden the Hill Orc Fighter began the quest for the Orb.
     0 | D:1      | Reached XP level 1. HP: 20/20 MP: 1/1
   169 | D:1      | Reached XP level 2. HP: 24/28 MP: 2/2
   398 | D:1      | Reached XP level 3. HP: 30/34 MP: 3/3
   737 | D:2      | Reached XP level 4. HP: 6/41 MP: 4/4
   927 | D:2      | Reached skill level 4 in Armour
  1049 | D:2      | Reached skill level 5 in Fighting
  1238 | D:1      | Reached XP level 5. HP: 22/48 MP: 5/5
  1779 | D:3      | HP: 2/48 [poisoned by a worker ant]
  2142 | D:3      | Reached XP level 6. HP: 21/56 MP: 6/6
  2357 | D:3      | Reached skill level 5 in Armour
  2901 | D:3      | Found an opulent altar of Gozag.
  2955 | D:3      | Found a sparkling altar of Nemelex Xobeh.
  3379 | D:4      | Reached XP level 7. HP: 58/61 MP: 7/7
  3518 | D:4      | Reached skill level 5 in Shields
  3527 | D:4      | Reached skill level 6 in Armour
  3539 | D:4      | Gained mutation: You occasionally shout uncontrollably at
                  | your foes. [potion of mutation]
  3539 | D:4      | Gained mutation: You are agile. (Dex +2) [potion of
                  | mutation]
  3540 | D:4      | Lost mutation: You are agile. (Dex +2) [potion of mutation]
  3540 | D:4      | Gained mutation: You are frail. (-10% HP) [potion of
                  | mutation]
  3540 | D:4      | Gained mutation: You are partially covered in rugged brown
                  | scales. (AC +1, +3% HP) [potion of mutation]
  3540 | D:4      | Gained mutation: You have an increased reservoir of magic.
                  | (+10% MP) [potion of mutation]
  3540 | D:4      | Gained mutation: Your spells are a little harder to cast,
                  | but a little more powerful. [potion of mutation]
  3541 | D:4      | Lost mutation: You have an increased reservoir of magic.
                  | (+10% MP) [potion of mutation]
  3541 | D:4      | Lost mutation: You are frail. (-10% HP) [potion of
                  | mutation]
  3541 | D:4      | Lost mutation: Your spells are a little harder to cast, but
                  | a little more powerful. [potion of mutation]
  3541 | D:4      | Gained mutation: You are mostly covered in rugged brown
                  | scales. (AC +2, +5% HP) [potion of mutation]
  3541 | D:4      | Killed from afar by an orc wizard

Skill      XL: |  1  2  3  4  5  6  7 |
---------------+----------------------+-----
Armour         | 4 5 6 |  6.0
Fighting       | 5 |  5.5
Shields        | 4 5 |  5.1
Short Blades   | |  5.5
Long Blades    | |  5.5
Axes           | |  5.5
Maces & Flails | |  5.5
Polearms       | |  5.5
Staves         | |  5.5
Dodging        | |  0.8
Unarmed Combat | |  5.5

Action                   |  1- 3 |  4- 6 |  7- 9 || total
-------------------------+-------+-------+-------++-------
Melee: War axe           |   105 |   225 |    27 ||   357
  Use: Scroll            |     4 |     1 |       ||     5
       Potion            |       |     1 |     3 ||     4
  Eat: Chunk             |     3 |    17 |     1 ||    21
Armor: Scale mail        |    52 |   104 |    19 ||   175
Dodge: Dodged            |    24 |    48 |    10 ||    82
Block: Medium shield     |    48 |   128 |    12 ||   188
